 Dungeon Crawl Stone Soup version 0.16.1-51-g6203257 (webtiles) character file.

12096 spinkules the Severer (level 11, -1/86 HPs)
             Began as a Minotaur Berserker on July 20, 2015.
             Was the Champion of Trog.
             Shot with a poisoned arrow by Nessos (3 damage)
             ... on level 11 of the Dungeon.
             The game lasted 00:48:01 (10404 turns).

spinkules the Severer (Minotaur Berserker)         Turns: 10404, Time: 00:48:01

Health: -1/86      AC: 14    Str: 23    XL:     11   Next: 58%
Magic:  1/1        EV: 11    Int:  5    God:    Trog [******]
Gold:   727        SH:  0    Dex: 11    Spells: 0 memorised, 10 levels left

rFire  . . .     SeeInvis .     R - +6 battleaxe (antimagic)
rCold  . . .     Clarity  .     j - +1 ring mail {rPois}
rNeg   . . .     SustAb   .     (no shield)
rPois  +         Gourm    .     (helmet restricted)
rElec  .         Spirit   .     i - +2 cloak
rCorr  +         Warding  .     r - +0 pair of gloves
rMut   .         Stasis   .     (no boots)
MR     .....                    M - amulet of resist corrosion
Stlth  ..........               (no ring)
                                n - ring of loudness (curse)

@: manticore barbs, not resistant to hostile enchantments, extremely unstealthy
A: retaliatory headbutt, horns 2
a: Burn Spellbooks, Berserk, Trog's Hand, Brothers in Arms, Renounce Religion


You were on level 11 of the Dungeon.
You worshipped Trog.
Trog was exalted by your worship.
You were hungry.

You visited 1 branch of the dungeon, and saw 11 of its levels.

You collected 727 gold pieces.

Inventory:

Hand weapons
 a - a +3 hunting sling of evasion
 G - a +3 quarterstaff of chaos
 L - a +1 hand axe of chopping
 R - a +6 antimagic battleaxe (weapon)
Armour
 d - a +0 scale mail
 i - a +2 cloak (worn)
 j - a +1 ring mail of poison resistance (worn)
 r - a +0 pair of gloves (worn)
 A - a +0 plate armour
 I - a +1 cloak
Jewellery
 n - a cursed ring of loudness (left hand)
 M - an amulet of resist corrosion (around neck)
 W - an uncursed ring of teleport control {unknown}
Magical devices
 D - a wand of cold (9)
 Q - a wand of cold (7)
 S - a wand of polymorph (17)
 Y - a wand of magic darts (19)
 Z - a wand of random effects (30)
Scrolls
 f - 4 scrolls of amnesia {unknown}
 h - 13 scrolls of identify {unknown}
 m - 2 scrolls of enchant weapon {unknown}
 o - 2 scrolls of blinking {unknown}
 p - 3 scrolls of magic mapping {unknown}
 q - 4 scrolls of teleportation {unknown}
 s - 2 scrolls of fear {unknown}
 t - 6 scrolls of remove curse {unknown}
 u - a scroll of immolation {unknown}
 v - 4 scrolls of recharging {unknown}
 x - 3 scrolls of enchant armour {unknown}
 y - 3 scrolls of fog {unknown}
 F - 2 scrolls of noise {unknown}
 O - a scroll of random uselessness {unknown}
Potions
 b - a potion of degeneration {unknown}
 e - 3 potions of curing {unknown}
 k - 2 potions of lignification {unknown}
 l - 4 potions of brilliance {unknown}
 w - a potion of invisibility {unknown}
 z - a potion of haste {unknown}
 B - 4 potions of might {unknown}
 C - a potion of resistance {unknown}
 E - a potion of beneficial mutation {unknown}
 H - 2 potions of heal wounds {unknown}
 J - 2 potions of restore abilities {unknown}
 N - 2 potions of flight {unknown}
 P - a potion of agility {unknown}
Books
 U - a book of Transfigurations

   Spells                             Type                      Level
   a - Stoneskin                      Transmutation/Earth          2
   b - Irradiate                      Conjuration/Transmutation    5
   c - Statue Form                    Transmutation/Earth          6
   d - Hydra Form                     Transmutation                6
   e - Dragon Form                    Transmutation                7
   Trog disapproves of the use of such an item.
Comestibles
 c - 7 bread rations
 g - 4 fruits
 T - 2 meat rations
 V - 8 slices of pizza
 X - a beef jerky


   Skills:
 + Level 5.0 Fighting
 + Level 15.7 Axes
 - Level 13.4 Armour
 - Level 2.1 Dodging
 - Level 3.6 Stealth


You had 10 spell levels left.
You didn't know any spells.

Dungeon Overview and Level Annotations

Branches:
Dungeon (11/15)            Temple (0/1) D:5            Lair (0/8) D:8
    Orc (0/4) D:11

Altars:
Ashenzari
Okawaru
Sif Muna
Vehumet
Xom

Annotations:
D:11 Nessos


Innate Abilities, Weirdness & Mutations

You reflexively headbutt those who attack you in melee.
You have a pair of horns on your head.


Message History

The manticore barely misses you. You furiously retaliate!
You headbutt the manticore, but do no damage.
The manticore claws you!
* * * LOW HITPOINT WARNING * * *
The manticore claws you.
* * * LOW HITPOINT WARNING * * *
You slash the manticore! You headbutt the manticore!
The manticore is severely wounded.
You slice the manticore!!
You kill the manticore!
Trog accepts your kill.
Your Fighting skill increases to level 5!
The barbed spikes dig painfully into your body as you move.
* * * LOW HITPOINT WARNING * * *
The barbed spikes dig painfully into your body as you move.
* * * LOW HITPOINT WARNING * * *
Nessos the Markscentaur comes into view.
Nessos wields a longbow of flaming.
It bursts into flame!
Nessos shoots a poisoned arrow.
The poisoned arrow hits you.
You die...

### ######### ####
..c..# #.......#
#... ......#
#.......# #.##
.......# #.......#
#.## #.......#
#...>...# #.## .
#..##.......#
#.......# #.##
...# #..##...[...#
#.......# #.##
...# #..##.......#
#.......# #.##
...# #..##......@#
#.[.....# #.##
...# #..##.......#
#.......# #)##
...# #..##.......#
#.......# #)##
...# #..##.......#
#.......# #)##
...# #..##.......#
#.^.....# #.##
...###.......(...#
#.......# #)##
.........#.......#
#.......###.##
..#####..#...##..#
#...........## ..#
#..#...##..#
#...........##


You could see Nessos.

Vanquished Creatures
  A tengu warrior (D:10)
  Pikel (D:7)
  4 hill giants
  A manticore (D:11)
  The ghost of spinkules the Cleaver, an average MiBe of Trog (D:4)
  2 ravens (D:10)
  15 yaks
  A human (D:9)
  4 wyverns
  4 hippogriffs
  A water moccasin (D:4)
  4 sky beasts
  2 ice beasts
  An orc warrior (D:6)
  A black bear (D:10)
  2 ogres
  2 centaurs
  3 phantoms
  16 big kobolds
  A gnoll sergeant (D:11)
  6 giant frogs
  3 scorpions
  A wyvern skeleton (D:10)
  3 killer bees (D:11)
  3 wights (D:8)
  2 goliath beetles
  5 jellies
  5 crimson imps
  A quasit (D:11)
  A centaur zombie (D:9)
  6 hounds
  Crazy Yiuf (D:5)
  A centaur skeleton (D:9)
  A gnoll shaman (D:5)
  An orc priest (D:4)
  3 orc wizards
  A giant frog skeleton (D:9)
  3 iguanas
  12 worker ants
  A mummy (D:6)
  17 gnolls
  10 adders
  A shadow imp (D:8)
  4 giant mites
  3 worms
  2 adder skeletons
  7 giant geckos
  2 oozes
  22 orcs
  2 ball pythons (D:6)
  16 bats
  3 bat skeletons
  A bat zombie (D:5)
  8 giant cockroaches
  11 hobgoblins
  3 jackals (D:2)
  19 kobolds
  4 quokkas
  A giant gecko skeleton (D:5)
  A giant gecko zombie (D:8)
  5 giant newts
  2 giant spores
  15 goblins
  A quokka zombie (D:9)
  13 rats
  3 ballistomycetes
303 creatures vanquished.

Vanquished Creatures (others)
  A slave (D:7)
  A scorpion (D:7)
  2 gnolls (D:7)
  3 kobolds (D:7)
  A giant spore (D:11)
  A ballistomycete (D:10)
9 creatures vanquished.

Grand Total: 312 creatures vanquished

Notes
Turn   | Place    | Note
--------------------------------------------------------------
     0 | D:1      | spinkules, the Minotaur Berserker, began the quest for the Orb.
     0 | D:1      | Reached XP level 1. HP: 19/19 MP: 1/1
   226 | D:1      | Reached skill level 4 in Axes
   290 | D:1      | Reached XP level 2. HP: 24/26 MP: 1/1
   771 | D:1      | Reached skill level 5 in Axes
   848 | D:2      | Acquired Trog's second power
   853 | D:2      | Reached XP level 3. HP: 31/31 MP: 2/2
  1213 | D:2      | Found a shattered altar of Ashenzari.
  1442 | D:2      | Reached XP level 4. HP: 37/39 MP: 2/2
  1532 | D:2      | Reached skill level 6 in Axes
  2010 | D:3      | Found an iron altar of Okawaru.
  2253 | D:4      | Reached XP level 5. HP: 35/45 MP: 2/2
  2255 | D:4      | Reached skill level 7 in Axes
  2445 | D:4      | Noticed a phantom
  2462 | D:4      | Killed a phantom
  2521 | D:4      | Noticed a water moccasin
  2521 | D:4      | Reached skill level 8 in Axes
  2521 | D:4      | Reached XP level 6. HP: 35/51 MP: 3/3
  2537 | D:4      | Killed a water moccasin
  2537 | D:4      | Reached skill level 1 in Stealth
  2673 | D:4      | Reached skill level 9 in Axes
  2690 | D:4      | Noticed spinkules' ghost (average MiBe)
  2698 | D:4      | Killed spinkules' ghost
  2698 | D:4      | Reached skill level 10 in Axes
  2698 | D:4      | Reached XP level 7. HP: 57/57 MP: 3/3
  2778 | D:5      | Entered Level 5 of the Dungeon
  2798 | D:5      | Found a staircase to the Ecumenical Temple.
  2927 | D:5      | Reached skill level 11 in Axes
  2927 | D:5      | Reached XP level 8. HP: 39/64 MP: 3/3
  2970 | D:5      | Acquired Trog's third power
  3464 | D:5      | Reached skill level 12 in Axes
  3558 | D:5      | Found a deep blue altar of Sif Muna.
  3845 | D:5      | Noticed Crazy Yiuf
  3851 | D:5      | Killed Crazy Yiuf
  4333 | D:4      | Found a shimmering altar of Xom.
  4334 | D:4      | Found a shimmering altar of Xom.
  4339 | D:4      | You fall through a shaft!
  4884 | D:6      | Reached skill level 13 in Axes
  5456 | D:7      | Reached XP level 9. HP: 60/70 MP: 4/4
  5584 | D:7      | Noticed Pikel
  5597 | D:7      | Killed Pikel
  5597 | D:7      | Reached skill level 14 in Axes
  6152 | D:7      | Found a radiant altar of Vehumet.
  6490 | D:8      | Found a staircase to the Lair.
  6721 | D:8      | Reached skill level 5 in Armour
  6921 | D:8      | Reached XP level 10. HP: 71/77 MP: 4/4
  6984 | D:8      | Received a gift from Trog
  7634 | D:9      | Reached skill level 10 in Armour
  8195 | D:10     | Entered Level 10 of the Dungeon
  8203 | D:10     | Noticed a hill giant
  8208 | D:10     | Killed a hill giant
  8595 | D:10     | Noticed a tengu warrior
  8614 | D:10     | Killed a tengu warrior
  8614 | D:10     | Reached XP level 11. HP: 55/82 MP: 1/4
  9188 | D:11     | Received a gift from Trog
  9219 | D:11     | Noticed a hill giant
  9227 | D:11     | Killed a hill giant
  9855 | D:11     | Noticed a hill giant
  9865 | D:11     | Killed a hill giant
  9865 | D:11     | Reached skill level 15 in Axes
  9871 | D:11     | Found a staircase to the Orcish Mines.
  9881 | D:11     | Noticed a hill giant
  9886 | D:11     | Killed a hill giant
 10402 | D:11     | Reached skill level 5 in Fighting
 10404 | D:11     | HP: 2/86 [barbs]
 10404 | D:11     | Noticed Nessos
 10404 | D:11     | Shot with a poisoned arrow by Nessos

Action                   |  1- 3 |  4- 6 |  7- 9 | 10-12 || total
-------------------------+-------+-------+-------+-------++-------
Melee: Hand axe          |    93 |   102 |   421 |    31 ||   647
       Battleaxe         |       |       |       |   247 ||   247
Invok: Berserk           |       |     4 |     5 |     5 ||    14
  Eat: Chunk             |     1 |     6 |    15 |    15 ||    37
       Fruit             |       |     1 |     1 |     1 ||     3
       Bread ration      |       |       |     1 |       ||     1
